 Dungeon Crawl Stone Soup version 0.29.0-11-gd7f09526c8 (webtiles) character file.

Game seed: 3604338880989311487

44 RogueRain17 the Insei (level 3, -2/28 HPs)
             Began as a Gnoll Transmuter on Sept 3, 2022.
             Was a Believer of Ru.
             Killed from afar by an orc wizard (8 damage)
             ... with a magic dart
             ... on level 2 of the Dungeon.
             The game lasted 00:02:30 (696 turns).

RogueRain17 the Insei (Gnoll Transmuter)             Turns: 696, Time: 00:02:31

Health: -2/28      AC:  2    Str: 11    XL:     3   Next: 60%
Magic:  7/9        EV: 10    Int: 12    God:    Ru [**....]
Gold:   0          SH:  0    Dex: 12    Spells: 11/12 levels left

rFire   . . .      SeeInvis .     - Unarmed
rCold   . . .      Faith    .   (no shield)
rNeg    . . .      Spirit   .   a - +0 robe
rPois   .          Reflect  .   (helmet currently unavailable)
rElec   .          Harm     .   (no cloak)
rCorr   .          Rampage  .   (no gloves)
Will    .....                   (boots currently unavailable)
Stlth   +.........              (no amulet)
HPRegen 0.09/turn               (no ring)
MPRegen 0.11/turn               (no ring)

@: appendages, constricted
A: horns 2, talons 2, fangs 1, hated by all, strong nose, distributed training
a: End Transformation, Renounce Religion


You were on level 2 of the Dungeon.
You worshipped Ru.
Ru was pleased with you.
You had temporarily grown beastly horns and talons.
You visited 1 branch of the dungeon, and saw 2 of its levels.

Inventory:

Missiles
 c - 5 javelins (quivered)
Armour
 a - a +0 robe (worn)
 e - a +0 pair of boots (melded)
Scrolls
 d - a scroll of amnesia {unknown}
 i - 2 scrolls of silence {unknown}
Potions
 b - 3 potions of lignification
 f - a potion of berserk rage {unknown}
 g - a potion of heal wounds {unknown}
 h - a potion of curing {unknown}
 j - a potion of brilliance {unknown}


   Skills:
 + Level 2.6 Fighting
 + Level 0.9 Short Blades
 + Level 0.9 Long Blades
 + Level 0.9 Axes
 + Level 0.9 Maces & Flails
 + Level 0.9 Polearms
 + Level 0.9 Staves
 + Level 0.9 Ranged Weapons
 + Level 0.9 Throwing
 + Level 0.9 Armour
 + Level 4.5 Dodging
 + Level 0.9 Stealth
 + Level 0.9 Shields
 + Level 6.5 Unarmed Combat
 + Level 5.0 Spellcasting
 + Level 0.6 Conjurations
 + Level 0.6 Hexes
   Level 0.0 Summonings
 + Level 0.6 Necromancy
 + Level 0.6 Translocations
 + Level 3.8 Transmutations
 + Level 0.6 Fire Magic
 + Level 0.6 Ice Magic
 + Level 0.6 Air Magic
 + Level 0.6 Earth Magic
 + Level 0.6 Poison Magic
 + Level 1.0 Invocations
 + Level 0.9 Evocations


You had 11 spell levels left.
You knew the following spells:

 Your Spells              Type           Power      Damage    Failure   Level
a - Beastly Appendage     Tmut           24%        N/A       4%          1

Your spell library contained the following spells:

 Spells                   Type           Power      Damage    Failure   Level
 Wereblood                Tmut           12%        N/A       6%          2
 Spider Form              Tmut/Pois      8%         N/A       24%         3
 Ice Form                 Ice/Tmut       8%         N/A       63%         4
 Hailstorm                Conj/Ice       4%         3d4       83%         4
 Simulacrum               Ice/Necr       Unusable   N/A       N/A         6

Dungeon Overview and Level Annotations

Branches:
Dungeon (2/15)

Altars:
Ru


Innate Abilities, Weirdness & Mutations

You have temporarily grown beastly horns and talons.
You have very sharp teeth.
You are hated by all.
Your uncanny sense of smell can sniff out nearby items.
Your experience applies equally to all skills.


Message History

The ball python constricts you.
You barely miss the orc. You claw the orc. Your bite misses the orc.
The orc is severely wounded.
The ball python closely misses you. The ball python constricts you.
The orc wizard barely misses you. The orc hits you with a +0 dagger.
You punch the orc!
You kill the orc!
The ball python barely misses you. The ball python constricts you.
The orc wizard hits you but does no damage.
You closely miss the orc wizard.
You claw the orc wizard, but do no damage.
The ball python bites you but does no damage.
The ball python constricts you. The rat closely misses you.
The orc wizard hits you with a +0 dagger.
You hit the orc wizard.
The orc wizard is lightly wounded.
The ball python bites you. The ball python constricts you.
You barely miss the orc wizard.
The orc wizard is lightly wounded.
The rat bites you. The orc wizard misses you. The ball python bites you.
The ball python constricts you.
You hit the orc wizard but do no damage.
You claw the orc wizard.
The orc wizard is moderately wounded.
The ball python bites you but does no damage.
The ball python constricts you. The endoplasm freezes you.
You are frozen.
The rat barely misses you. The orc wizard misses you.
You hit the orc wizard but do no damage.
Your kick misses the orc wizard. Your bite misses the orc wizard.
The orc wizard is moderately wounded.
The ball python barely misses you. The ball python constricts you.
The endoplasm freezes you.
You are frozen.
* * * LOW HITPOINT WARNING * * *
The rat bites you.
* * * LOW HITPOINT WARNING * * *
The orc wizard casts a spell at you. The magic dart hits you!
You die...

#............
.............
###............#
..............#
####.....<......#
.................
......ro.........
#@)........
...##SJ........
........<.....#
.....##......##
.^..# ##.....#
.... ....### ...
..#.# .. ...#.#
...#$#


You could see an orc wizard, an endoplasm, a ball python and a rat.

Vanquished Creatures
  An orc priest (D:2)
  A dart slug (D:1)
  An orc (D:2)
  A bat (D:1)
  An endoplasm (D:1)
  A giant cockroach (D:1)
  A kobold (D:1)
  A quokka (D:1)
  A frilled lizard (D:1)
  2 rats (D:1)
11 creatures vanquished.

Notes
Turn   | Place    | Note
-------+----------+-------------------------------------------
     0 | D:1      | RogueRain17 the Gnoll Transmuter began the quest for the
                  | Orb.
     0 | D:1      | Reached XP level 1. HP: 17/17 MP: 6/6
   186 | D:1      | Reached XP level 2. HP: 23/23 MP: 7/7
   494 | D:1      | Found a faded altar of an unknown god.
   499 | D:1      | Prayed at the altar of an unknown god.
   499 | D:1      | Became a worshipper of Ru the Awakened
   502 | D:1      | Gained mutation: You are hated by all. [Ru sacrifice]
   502 | D:1      | Reached * piety under Ru
   502 | D:1      | Reached ** piety under Ru
   687 | D:2      | Reached skill level 5 in Spellcasting
   687 | D:2      | Reached skill level 1 in Invocations
   687 | D:2      | Reached XP level 3. HP: 25/28 MP: 6/9
   696 | D:2      | Killed from afar by an orc wizard

Illustrated notes

Levels and vault maps discovered:
D:1:      scummos_arrival_gate, layout_basic, ebering_ecumenical_altar_mist
D:2:      layout_rooms, serial_shops, shop, basic_altar

Skill      XL: |  1  2 |
---------------+-------+-----
Spellcasting   | 5 |  5.0
Invocations    | 1 |  1.0
Fighting       | |  2.6
Short Blades   | |  0.9
Long Blades    | |  0.9
Axes           | |  0.9
Maces & Flails | |  0.9
Polearms       | |  0.9
Staves         | |  0.9
Ranged Weapons | |  0.9
Throwing       | |  0.9
Armour         | |  0.9
Dodging        | |  4.5
Stealth        | |  0.9
Shields        | |  0.9
Unarmed Combat | |  6.5
Conjurations   | |  0.6
Hexes          | |  0.6
Necromancy     | |  0.6
Translocations | |  0.6
Transmutations | |  3.8
Fire Magic     | |  0.6
Ice Magic      | |  0.6
Air Magic      | |  0.6
Earth Magic    | |  0.6
Poison Magic   | |  0.6
Evocations     | |  0.9

Action                   || total
-------------------------++-------
Melee: Unarmed           ||    14
       Kick              ||     4
       Headbutt          ||     2
Throw: Javelin           ||    17
 Cast: Beastly Appendage ||     1
Invok: Sacrifice Love    ||     1
Armor: Robe              ||     4
Dodge: Dodged            ||    16
